 Dungeon Sprint DCSS version 0.27-a0-1456-gf5a116941d (webtiles) character file.

Game seed: 7086050333139065270

330 mhtbhm the Cleaver (level 6, -4/61 HPs)
             Began as a Hill Orc Fighter on July 5, 2021.
             Was a High Priest of Beogh.
             Slain by Duvessa (8 damage)
             ... in the Dungeon (Sprint VII: "The Pits").
             The game lasted 00:01:13 (918 turns).

mhtbhm the Cleaver (Hill Orc Fighter)                Turns: 918, Time: 00:01:13

Health: -4/61      AC: 14    Str: 21    XL:     6   Next: 51%
Magic:  6/6        EV:  7    Int:  8    God:    Beogh [*****.]
Gold:   0          SH: 10    Dex: 10    Spells: 5/5 levels left

rFire    . . .     SeeInvis .   a - +2 hand axe
rCold    . . .     Faith    .   c - +0 kite shield
rNeg     . . .     Spirit   .   b - +3 chain mail
rPois    .         Reflect  .   (no helmet)
rElec    .         Harm     .   n - +0 cloak
rCorr    .         Rampage  .   (no gloves)
Will     .....     NoTele   +   (no boots)
Stlth    ..........             (no amulet)
HPRegen  0.20/turn              (no ring)
MPRegen  0.10/turn              (no ring)

@: no status effects
A: walk on water
a: Renounce Religion, Smiting, Recall Orcish Followers, Give Item to Named
Follower


You were in the Dungeon.
You worshipped Beogh.
Beogh was extremely pleased with you.
You visited 1 branch

Inventory:

Hand Weapons
 a - a +2 hand axe (weapon)
Armour
 b - a +3 chain mail (worn)
 c - a +0 kite shield (worn)
 n - a +0 cloak (worn)
Scrolls
 j - a scroll of blinking
 l - 5 scrolls of amnesia
 m - a scroll of summoning
Potions
 d - a potion of might
 e - 6 potions of curing
 f - 6 potions of heal wounds
 g - a potion of haste
 h - 4 potions of magic
 i - 3 potions of berserk rage
 k - 2 potions of invisibility


   Skills:
 + Level 7.9 Fighting
 + Level 11.1 Axes
 + Level 7.0 Armour
 + Level 1.6 Dodging
 + Level 0.4 Stealth
 + Level 7.1 Shields


You had 5 spell levels left.
You didn't know any spells.
Your spell library was empty.

Dungeon Overview and Level Annotations

Branches:
Dungeon (1/1)

Altars:
Ashenzari
Cheibriados
Dithmenos
Elyvilon
Fedhas
Gozag
Hepliaklqana
Kikubaaqudgha
Makhleb
Nemelex Xobeh
Okawaru
Qazlal
Ru
Sif Muna
Trog
Uskayaw
Vehumet
Wu Jian
Xom
Yredelemnul
Zin
The Shining One
Beogh
Jiyva
Lugonu

Annotations:
D Duvessa


Message History

The puff of flame misses you.
You slash Dowan!
You kill Dowan!
Beogh accepts your kill.
Duvessa screams, "No!
How DARE you!"
Duvessa goes berserk!
Your Axes skill increases to level 11!
Your Armour skill increases to level 7!
Your Shields skill increases to level 7!
Unknown command.
You closely miss the orc. You block the orc's attack.
Duvessa rages.
You slash the orc!
You kill the orc!
Beogh accepts your kill.
You hit Duvessa but do no damage.
Duvessa hits you with a +3 short sword of speed!
You block Duvessa's attack.
You closely miss Duvessa.
Duvessa hits you with a +3 short sword of speed. x2
You slash Duvessa!
Duvessa is lightly wounded.
Duvessa hits you with a +3 short sword of speed.
A sky beast appears from thin air!
Reactivating autopickup.
Duvessa closely misses you.
You hit Duvessa but do no damage.
Duvessa is lightly wounded.
You block Duvessa's attack.
Duvessa hits you with a +3 short sword of speed!
* * * LOW HITPOINT WARNING * * *
You hit Duvessa but do no damage.
Duvessa is lightly wounded.
Duvessa hits you with a +3 short sword of speed!
* * * LOW HITPOINT WARNING * * *
Duvessa hits you but does no damage.
You barely miss Duvessa.
Duvessa is lightly wounded.
You block Duvessa's attack.
Duvessa hits you with a +3 short sword of speed!
You die...

#.##'#.....##...<...#
#.#........##.......#
#.#........##.......#
#'###########.......#
#.......#≈. #########
#..###..#.#
#.......#Y#
##.###.##e#
#.......#@+
#..###..#'#
#.......).#
###########


You could see Duvessa (berserk) and a sky beast.

Vanquished Creatures
  A floating eye (D)
  An ogre (D)
  Dowan (D)
  A jelly (D)
  Crazy Yiuf (D)
  A gnoll (D)
  A river rat (D)
  A worm (D)
  3 orcs (D)
  2 giant cockroaches (D)
  A goblin (D)
  11 jackals (D)
  A quokka (D)
  A quokka zombie (D)
27 creatures vanquished.

Notes
Turn   | Place    | Note
-------+----------+-------------------------------------------
     0 | D        | mhtbhm the Hill Orc Fighter began the quest for the Orb.
     0 | D        | Reached XP level 1. HP: 19/19 MP: 1/1
    16 | D        | Reached skill level 3 in Axes
    16 | D        | Reached XP level 2. HP: 19/28 MP: 2/2
   117 | D        | Found a bloodstained altar of Trog.
   117 | D        | Found a shimmering blue altar of Sif Muna.
   117 | D        | Found a viscous altar of Jiyva.
   117 | D        | Found a hazy altar of Hepliaklqana.
   117 | D        | Found an opulent altar of Gozag.
   118 | D        | Found a glowing golden altar of the Shining One.
   118 | D        | Found a glowing silver altar of Zin.
   118 | D        | Found a basalt altar of Yredelemnul.
   118 | D        | Found a shimmering altar of Xom.
   118 | D        | Found an ornate altar of the Wu Jian Council.
   118 | D        | Found a sacrificial altar of Ru.
   118 | D        | Found a stormy altar of Qazlal.
   118 | D        | Found an iron altar of Okawaru.
   118 | D        | Found a sparkling altar of Nemelex Xobeh.
   118 | D        | Found a burning altar of Makhleb.
   118 | D        | Found a blossoming altar of Fedhas.
   118 | D        | Found a white marble altar of Elyvilon.
   118 | D        | Found a shadowy altar of Dithmenos.
   118 | D        | Found a snail-covered altar of Cheibriados.
   120 | D        | Found a radiant altar of Vehumet.
   120 | D        | Found a corrupted altar of Lugonu.
   120 | D        | Found a roughly hewn altar of Beogh.
   121 | D        | Found a hide-covered altar of Uskayaw.
   121 | D        | Found an ancient bone altar of Kikubaaqudgha.
   121 | D        | Found a broken altar of Ashenzari.
   132 | D        | Became a worshipper of Beogh the Brigand
   226 | D        | Reached * piety under Beogh
   241 | D        | Reached ** piety under Beogh
   249 | D        | Reached skill level 5 in Fighting
   249 | D        | Reached skill level 4 in Axes
   249 | D        | Reached skill level 5 in Shields
   249 | D        | Reached XP level 3. HP: 21/36 MP: 3/3
   249 | D        | Reached *** piety under Beogh
   424 | D        | Noticed a floating eye
   435 | D        | Noticed an ogre
   435 | D        | Paralysed by a floating eye for 4 turns
   442 | D        | Reached **** piety under Beogh
   443 | D        | Reached skill level 5 in Armour
   444 | D        | Paralysed by a floating eye for 4 turns
   451 | D        | Paralysed by a floating eye for 4 turns
   457 | D        | Killed a floating eye
   458 | D        | Reached skill level 7 in Axes
   458 | D        | Reached skill level 1 in Dodging
   458 | D        | Reached XP level 4. HP: 44/45 MP: 4/4
   458 | D        | Reached XP level 5. HP: 50/51 MP: 5/5
   462 | D        | Reached skill level 8 in Axes
   477 | D        | Killed an ogre
   478 | D        | Reached skill level 10 in Axes
   478 | D        | Reached XP level 6. HP: 14/60 MP: 6/6
   480 | D        | Reached ***** piety under Beogh
   710 | D        | Noticed Crazy Yiuf
   719 | D        | Killed Crazy Yiuf
   899 | D        | Noticed a sky beast
   899 | D        | Noticed Duvessa
   899 | D        | Noticed Dowan
   910 | D        | Killed Dowan
   911 | D        | Reached skill level 11 in Axes
   917 | D        | HP: 3/61 [Duvessa (15)]
   918 | D        | Slain by Duvessa

Illustrated notes

Levels and vault maps discovered:
D:        pitsprint [storerooms_1, entrance_room_1, metal_vault_6, armoury_1,
          mini_pit_1, grid_room_1, main_hall_1, silver_pit, the_coven_2,
          the_vestibule_1, steel_vault_1, golden_pit, hallway_of_sentries,
          crystal_vault_2, iron_vault_4, final_vault]

Skill      XL: |  1  2  3  4  5  6 |
---------------+-------------------+-----
Fighting       | 4 5 6 7 |  7.9
Axes           | 3 4 7 10 11 | 11.1
Armour         | 4 6 7 |  7.0
Shields        | 4 5 6 7 |  7.1
Dodging        | 1 |  1.6
Stealth        | |  0.4

Action                   |  1- 3 |  4- 6 || total
-------------------------+-------+-------++-------
Melee: War axe           |     3 |       ||     3
       Hand axe          |    51 |    55 ||   106
Armor: Scale mail        |    10 |       ||    10
       Chain mail        |    14 |    10 ||    24
Dodge: Dodged            |    12 |     8 ||    20
Block: Kite shield       |    18 |    22 ||    40

Table legend: (Time is in decaauts)
 A = Elapsed time spent in this place.
 B = Non-inter-level travel time spent in this place.
 C = Inter-level travel time spent in this place.
 D = Time resting spent in this place.
 E = Time spent auto-exploring this place.
 F = Levels seen in this place.
 G = Mean time per level.
                   A        B        C        D        E       F      G
               +--------+--------+--------+--------+--------+-----+--------+
         Total |    934 |    934 |      0 |    503 |    137 |   1 |  934.0 |
       Dungeon |    934 |    934 |      0 |    503 |    137 |   1 |  934.0 |
               +--------+--------+--------+--------+--------+-----+--------+

Top non-repeatable levels by time:
       D: 934 daAuts
